 Dungeon Crawl Stone Soup version 0.19-a0-1185-gacb3972 (webtiles) character file.

123439 Rhoefr the Earth Mage (level 16, -27/100 HPs)
             Began as a Gargoyle Earth Elementalist on Aug 17, 2016.
             Was an Elder of Vehumet.
             Hit by a large rock thrown by Polyphemus (46 damage)
             ... on level 3 of the Shoals on Aug 18, 2016.
             The game lasted 03:24:42 (30992 turns).

Rhoefr the Earth Mage (GrEE)                       Turns: 30992, Time: 03:24:42

Health: -27/100    AC: 20    Str: 12    XL:     16   Next: 90%
Magic:  32/57      EV: 13    Int: 36    God:    Vehumet [****..]
Gold:   1503       SH:  7    Dex: 21    Spells: 10 memorised, 3 levels left

rFire  x . .     SeeInvis .     a - staff of power
rCold  . . .     Gourm    .     i - +1 robe of Wasted Space {Regen+ Int+3 Dex-2}
rNeg   + . .     Faith    .     V - +0 buckler
rPois  ∞         Spirit   .     O - +1 hat {MR+}
rElec  +         Dismiss  .     r - +0 cloak of the Land of Plenty {rC- Int+8 Dex+5}
rCorr  .         Reflect  .     J - +0 pair of gloves {Dex+3}
MR     ++...     Harm     .     Q - +0 pair of boots of Elyvilon's Benevolence {Dex+5}
Stlth  ++++......               p - amulet of magic regeneration
                                E - ring of magical power
                                c - ring of ice

@: flying
A: big wings, clever 1, negative energy resistance 1, electricity resistance,
unbreathing, petrification resistance, rot immunity, AC +11
a: Stop Flying, Renounce Religion


You were on level 3 of the Shoals.
You worshipped Vehumet.
Vehumet was greatly pleased with you.
You were hungry.

You visited 5 branches of the dungeon, and saw 24 of its levels.
You also visited: Labyrinth, Ice Cave and Volcano.

You collected 2599 gold pieces.
You spent 1096 gold pieces at shops.

Inventory:

Armour
 e - the +0 robe "Trusted Companion" {rF- rCorr Int+7}
   (You found it on level 1 of the Lair of Beasts)

   It affects your intelligence (+7).
   It makes you vulnerable to fire.
   It protects you from acid and corrosion.
 i - the +1 robe of Wasted Space (worn) {Regen+ Int+3 Dex-2}
   (You found it on level 3 of the Shoals)

   It affects your intelligence (+3).
   It affects your dexterity (-2).
   It increases your rate of regeneration.
 r - the +0 cloak of the Land of Plenty (worn) {rC- Int+8 Dex+5}
   (You found it in an ice cave)

   It affects your intelligence (+8).
   It affects your dexterity (+5).
   It makes you vulnerable to cold.
 C - a +2 robe of cold resistance
 J - a +0 pair of gloves of dexterity (worn)
 M - a +0 fire dragon armour
 O - a +1 hat of magic resistance (worn)
 Q - the +0 pair of boots of Elyvilon's Benevolence (worn) {Dex+5}
   (You found it in a labyrinth)

   It affects your dexterity (+5).
 V - a +0 buckler (worn)
 Z - the +7 chain mail of Disaster {Regen+ Str+3 SInv}
   (You found it on level 7 of the Dungeon)

   It affects your strength (+3).
   It lets you see invisible.
   It increases your rate of regeneration.
Magical Staves
 a - an uncursed staff of power (weapon)
 b - an uncursed staff of fire
 n - an uncursed staff of energy
 y - an uncursed staff of cold
Jewellery
 c - a ring of ice (left hand)
 k - an uncursed ring of fire
 p - an amulet of magic regeneration (around neck)
 v - an uncursed amulet of faith
 x - an uncursed ring of protection from magic
 E - a ring of magical power (right hand)
Wands
 T - a wand of teleportation (5/9)
 X - a wand of digging (14/24)
Scrolls
 j - a scroll of recharging
 l - 10 scrolls of remove curse
 m - 2 scrolls of amnesia
 q - 4 scrolls of fear
 u - 5 scrolls of teleportation
 D - a scroll of torment
 G - a scroll of summoning {unknown}
 H - 6 scrolls of blinking
 I - a scroll of brand weapon {unknown}
 S - a scroll of holy word {unknown}
 W - 2 scrolls of enchant weapon
Potions
 f - 4 potions of resistance
 h - 3 potions of cure mutation
 o - 13 potions of heal wounds
 t - 3 potions of agility
 w - 6 potions of flight
 z - 3 potions of magic
 A - 6 potions of curing
 B - 5 potions of cancellation
 K - 2 potions of might
 N - 9 potions of brilliance
 P - 4 potions of berserk rage
 U - 2 potions of ambrosia
 Y - 3 potions of lignification
Books
 L - an Akashic Record

   Spells                             Type                      Level
   a - Dispersal                      Translocation                6
   b - Malign Gateway                 Summoning/Translocation      7
   c - Disjunction                    Translocation                8
   d - Controlled Blink               Translocation                8
 R - a book of Alchemy

   Spells                             Type                      Level
   a - Sublimation of Blood           Necromancy                   2
   b - Ignite Poison                  Fire/Transmutation/Poison    3
   c - Petrify                        Transmutation/Earth          4
   d - Alistair's Intoxication        Transmutation/Poison         5
   e - Irradiate                      Conjuration/Transmutation    5
Miscellaneous
 g - a crystal ball of energy
Comestibles
 d - 12 bread rations
 s - 8 meat rations
 F - 17 fruits


   Skills:
 + Level 11.0 Fighting
 - Level 9.8 Armour
 - Level 2.1 Dodging
 - Level 6.4 Stealth
 - Level 8.9 Shields
 * Level 13.0 Spellcasting
 + Level 13.4 Conjurations
 - Level 0.7 Transmutations
 - Level 2.7 Fire Magic
 * Level 18.7 Earth Magic


You had 3 spell levels left.
You knew the following spells:

 Your Spells              Type           Power        Failure   Level  Hunger
a - Iron Shot             Conj/Erth      #######...   1%          6    ###....
b - Stone Arrow           Conj/Erth      ######       0%          3    None
c - Lee's Rapid Deconstr  Erth           ########..   1%          5    None
d - Fireball              Conj/Fire      ######....   1%          5    None
e - Iskenderun's Battles  Conj/Chrm      ######..     1%          5    None
f - Venom Bolt            Conj/Pois      ######....   1%          5    None
g - Sandblast             Erth           ######       0%          1    None
h - Delayed Fireball      Conj/Fire      N/A          21%         7    #####..
o - Passwall              Tmut/Erth      #######...   1%          2    None
p - Petrify               Tmut/Erth      #######.     1%          4    None


Dungeon Overview and Level Annotations

Branches:
Dungeon (12/15)            Temple (1/1) D:7            Lair (6/6) D:9
 Shoals (3/4) Lair:4        Snake (0/4) Lair:3        Slime (0/5) Lair:6
    Orc (2/2) D:12            Elf (0/3) Orc:2

Altars:
Ashenzari
Cheibriados
Dithmenos
Elyvilon
Fedhas
Gozag
Hepliaklqana
Kikubaaqudgha
Makhleb
Nemelex Xobeh
Okawaru
Qazlal
Ru
Sif Muna
Trog
Uskayaw
Vehumet
Xom
Yredelemnul
Zin
The Shining One
Beogh
Pakellas

Shops:
D:5 }   D:7 [=[*   D:8 %   Orc:2 !*!!*   Shoals:1 (

Annotations:
Lair:6 1 runed door
Shoals:3 Polyphemus


Innate Abilities, Weirdness & Mutations

You are resistant to torment.
Your stone body is resilient. (AC +11)
You are immune to poison.
Your large and strong wings let you fly indefinitely.
You resist negative energy. (rN+)
You are resistant to electric shocks. (rElec)
You can survive without breathing.
You are immune to petrification.
You are immune to rotting.
Your mind is acute. (Int +2)


Message History

The barrage of energy hits Polyphemus.
Polyphemus is severely wounded.
Polyphemus looks around for something heavy to throw at you.
Polyphemus throws a large rock.
The large rock hits you!!
* * * LOW HITPOINT WARNING * * *
You hear a splash.
Casting: Iron Shot
Confirm with . or Enter, or press ? or * to list all spells.
Aiming: Iron Shot
Press: ? - help, Shift-Dir - straight line, f/p - Polyphemus
Aim: Polyphemus (water, severely wounded)
The iron shot hits Polyphemus.
Polyphemus is severely wounded.
You are feeling hungry.
Your battlesphere fires!
The barrage of energy hits Polyphemus.
Polyphemus is almost dead.
Polyphemus looks around for something heavy to throw at you.
Polyphemus throws a large rock.
The large rock hits you!!!
You die...

########################
≈≈≈≈≈≈≈≈≈≈≈≈≈≈≈≈≈≈≈≈≈≈≈≈
≈≈≈≈≈≈≈≈≈≈≈≈≈≈≈≈≈≈≈≈≈≈≈≈
≈≈≈≈≈≈≈≈≈≈≈≈≈≈≈≈≈≈≈≈≈≈≈≈
≈≈≈≈≈≈≈≈≈≈≈≈≈≈≈≈≈≈*≈≈≈≈≈
≈≈≈≈≈≈≈≈≈≈≈≈≈≈≈≈≈≈≈≈≈≈≈≈
≈≈≈≈≈≈≈≈≈≈≈≈≈≈≈≈@≈≈≈≈C≈≈
≈≈≈≈≈≈≈≈≈≈≈≈≈≈≈≈≈≈≈≈≈≈≈≈
≈≈≈≈≈≈≈≈≈≈≈≈≈≈≈≈≈≈≈≈≈≈≈≈
≈≈≈≈≈≈≈≈≈≈≈≈≈≈≈≈≈≈≈≈≈≈≈≈
≈≈≈≈≈≈≈≈≈≈≈≈≈≈≈≈≈≈≈≈≈≈≈≈
≈≈≈≈≈≈≈..≈≈≈≈≈≈≈≈≈≈≈≈≈≈≈
≈≈≈≈≈≈....≈≈≈≈≈≈≈≈≈≈≈≈≈≈
≈≈≈≈≈≈.##...≈≈≈≈.≈≈≈≈≈≈≈
≈≈≈≈≈≈....≈..≈≈..≈≈≈≈


You could see Polyphemus and a friendly battlesphere.

Vanquished Creatures
  An Ice Fiend (IceCv)
  Gastronok (Lair:3)
  A kraken (Shoals:2)
  Kirke (Lair:4)
  Ilsuiw (Shoals:3)
  A minotaur (Lab)
  A fire dragon (Lair:6)
  4 merfolk impalers
  6 hydras
  Harold (Orc:1)
  Fannar (D:10)
  3 merfolk avatars
  2 merfolk aquamancers
  2 alligator snapping turtles
  Erica (D:9)
  21 death yaks
  The ghost of Shenda the Spear-Bearer, a novice MfGl of Okawaru (D:8)
  A satyr (Shoals:2)
  4 orc high priests
  4 sea snakes
  A lindwurm (Lair:6)
  4 hill giants
  11 harpies
  4 orc knights (Orc:2)
  5 orc sorcerers
  8 griffons
  2 cyclopes
  9 fauns
  3 oklob plants (Lair:6)
  4 elephants (Lair:2)
  6 manticores
  2 water nymphs
  An ice statue (Shoals:2)
  A molten gargoyle (Volcano)
  11 sirens
  3 black mambas
  6 torpor snails (Lair:6)
  8 spiny frogs
  A gargoyle (Volcano)
  15 komodo dragons
  An anaconda simulacrum (IceCv)
  2 rime drakes (Lair:6)
  3 freezing wraiths (IceCv)
  6 ice devils (IceCv)
  9 trolls
  2 golden dragon simulacra (IceCv)
  A polar bear (Lair:4)
  4 giant leeches (Lair:6)
  A minotaur zombie (Lab)
  Prince Ribbit (D:6)
  13 merfolk
  A wind drake (Shoals:3)
  2 wolf spider simulacra (IceCv)
  9 snapping turtles
  A boulder beetle (Lair:6)
  2 two-headed ogres
  31 blink frogs
  A shadow (D:12)
  5 dire elephant simulacra (IceCv)
  9 water elementals
  A wyvern (D:7)
  2 basilisks
  A fire bat (Volcano)
  A hungry ghost (D:8)
  31 yaks
  3 hogs (Lair:4)
  7 hippogriffs
  3 mottled dragons
  4 steam dragons
  A warg (Orc:2)
  2 iron troll simulacra (IceCv)
  4 harpy simulacra (IceCv)
  4 nagas (Lair:3)
  9 water moccasins
  Duvessa (D:6)
  A hydra simulacrum (IceCv)
  6 porcupines
  A swamp drake (Lair:6)
  3 ice beasts
  5 sky beasts
  27 orc warriors
  A black bear (Lair:3)
  2 necrophages (D:9)
  2 phantoms
  9 wasps (Lair:6)
  12 wolves
  3 centaurs
  12 ogres
  23 crocodiles
  8 big kobolds
  13 giant frogs
  2 gnoll sergeants (D:12)
  Dowan (D:6)
  A scorpion (D:12)
  An elephant simulacrum (IceCv)
  11 killer bees
  28 wights
  2 electric eels (Lair:3)
  3 crimson imps
  4 draconian simulacra (IceCv)
  A centaur zombie (D:6)
  A giant frog zombie (D:12)
  A quasit (D:8)
  3 jellies (D:12)
  14 orc priests
  3 centaur skeletons
  10 hounds
  23 orc wizards
  13 iguanas
  Natasha (twice) (D:3)
  2 troll simulacra (IceCv)
  7 worker ants
  2 wolf simulacra (IceCv)
  A killer bee zombie (D:6)
  10 sheep
  A hound zombie (D:8)
  A hound skeleton (D:9)
  A worker ant zombie (D:11)
  Robin (D:2)
  14 adders
  2 gnolls
  An ogre simulacrum (IceCv)
  29 river rats
  5 shadow imps
  6 white imps (IceCv)
  8 ufetubi (IceCv)
  An ooze (D:4)
  An adder skeleton (D:4)
  5 worms
  2 dart slugs
  7 giant geckos
  80 orcs
  5 giant cockroaches
  20 goblins
  8 hobgoblins
  7 jackals
  6 quokkas
  8 bats
  A giant gecko zombie (D:5)
  5 giant newts
  12 kobolds
  A quokka zombie (D:10)
  A rat (D:2)
  A bush (Lair:3)
  A fungus (Lair:5)
  6 plants
862 creatures vanquished.

Vanquished Creatures (others)
  A human (Shoals:1)
  12 fungi
  34 plants
  4 tentacles (Shoals:2)
51 creatures vanquished.

Grand Total: 913 creatures vanquished

Notes
Turn   | Place    | Note
-------+----------+-------------------------------------------
     0 | D:1      | Rhoefr the Gargoyle Earth Elementalist began the quest for the Orb.
     0 | D:1      | Reached XP level 1. HP: 10/10 MP: 3/3
   526 | D:1      | Reached XP level 2. HP: 15/15 MP: 3/5
   530 | D:1      | Learned a level 2 spell: Passwall
   854 | D:2      | Reached skill level 4 in Earth Magic
   957 | D:2      | Reached XP level 3. HP: 19/19 MP: 3/6
  1051 | D:2      | You fall through a shaft for 2 floors!
  1063 | D:3      | Noticed Natasha
  1151 | D:2      | Learned a level 3 spell: Stone Arrow
  1437 | D:2      | Reached XP level 4. HP: 24/24 MP: 1/8
  1859 | D:2      | Noticed Robin
  2085 | D:2      | Killed Robin
  2092 | D:2      | Reached XP level 5. HP: 28/28 MP: 0/9
  2421 | D:2      | Reached skill level 5 in Earth Magic
  2490 | D:3      | Reached skill level 1 in Conjurations
  2879 | D:3      | Reached XP level 6. HP: 32/32 MP: 8/11
  3001 | D:3      | Learned a level 5 spell: Lee's Rapid Deconstruction
  3024 | D:3      | Found a snail-covered altar of Cheibriados.
  3033 | D:3      | Found a glowing silver altar of Zin.
  3088 | D:3      | Killed Natasha
  3094 | D:3      | Noticed Natasha
  3099 | D:3      | Killed Natasha
  3423 | D:4      | Reached skill level 6 in Earth Magic
  3751 | D:4      | Found an opulent altar of Gozag.
  3926 | D:4      | Reached XP level 7. HP: 36/36 MP: 11/13
  4012 | D:5      | Entered Level 5 of the Dungeon
  4257 | D:5      | Learned a level 4 spell: Petrify
  4514 | D:5      | Found a bloodstained altar of Trog.
  4515 | D:5      | Found an iron altar of Okawaru.
  4518 | D:5      | Reached skill level 5 in Spellcasting
  4518 | D:5      | Reached skill level 7 in Earth Magic
  4518 | D:5      | Reached XP level 8. HP: 41/41 MP: 11/15
  4563 | D:5      | Found an oddly glowing altar of Pakellas.
  4578 | D:5      | Found Yxtuthri's Gadget Emporium.
  4588 | D:5      | Bought a wand of teleportation (1/9) for 210 gold pieces
  4748 | D:6      | Reached skill level 5 in Stealth
  4842 | D:6      | Noticed Prince Ribbit
  5170 | D:6      | Reached skill level 8 in Earth Magic
  5172 | D:6      | Killed Prince Ribbit
  5234 | D:6      | Noticed Dowan
  5594 | D:6      | Noticed Duvessa
  5599 | D:6      | Killed Duvessa
  5632 | D:6      | Killed Dowan
  5632 | D:6      | Reached XP level 9. HP: 45/45 MP: 16/18
  5766 | D:6      | Reached skill level 9 in Earth Magic
  5891 | D:7      | Found Wiryun's Armour Emporium.
  6082 | D:7      | Got a polished chain mail
  6093 | D:7      | Identified the +7 chain mail of Disaster {Regen+ Str+3 SInv} (You found it on level 7 of the Dungeon)
  6152 | D:7      | Found Dacod's Jewellery Shop.
  6157 | D:7      | Reached skill level 1 in Armour
  6157 | D:7      | Reached skill level 5 in Conjurations
  6284 | D:7      | Found Jeadoc's Assorted Antiques.
  6380 | D:7      | Found Ysungoc's Armour Emporium.
  6628 | D:7      | Found a staircase to the Ecumenical Temple.
  6631 | Temple   | Entered the Ecumenical Temple
  6678 | Temple   | Became a worshipper of Vehumet
  6992 | D:8      | Reached XP level 10. HP: 50/50 MP: 16/21
  7003 | D:8      | Noticed Shenda's ghost (novice MfGl)
  7060 | D:8      | Found a shattered altar of Ashenzari.
  7245 | D:8      | Found Tauwn's Food Emporium.
  7261 | D:7      | Reached skill level 10 in Earth Magic
  7372 | D:8      | Reached skill level 5 in Armour
  7432 | D:8      | Killed Shenda's ghost
  7961 | D:9      | Reached * piety under Vehumet
  7961 | D:9      | Offered knowledge of Flame Tongue by Vehumet.
  8385 | D:9      | Found a staircase to the Lair.
  8403 | D:9      | Learned a level 5 spell: Fireball
  8540 | D:9      | Noticed Erica
  8547 | D:9      | Killed Erica
  8549 | D:9      | Reached XP level 11. HP: 50/54 MP: 2/23
  8874 | D:9      | Reached skill level 11 in Earth Magic
  8902 | D:9      | Gained mutation: Your mind is acute. (Int +2) [potion of beneficial mutation]
  8972 | D:10     | Entered Level 10 of the Dungeon
  9010 | D:10     | Offered knowledge of Sting by Vehumet.
  9069 | D:10     | Reached ** piety under Vehumet
  9119 | D:10     | Noticed Fannar
  9136 | D:10     | Killed Fannar
  9477 | D:10     | Noticed a hill giant
  9487 | D:10     | Killed a hill giant
  9636 | Lair:1   | Entered Level 1 of the Lair of Beasts
 10112 | Lair:1   | Noticed an eight-headed hydra
 10121 | Lair:1   | Killed an eight-headed hydra
 10124 | Lair:1   | Offered knowledge of Searing Ray by Vehumet.
 10420 | Lair:1   | Got a dull robe
 10431 | Lair:1   | Identified the +0 robe "Trusted Companion" {rF- rCorr Int+7} (You found it on level 1 of the Lair of Beasts)
 10602 | Lair:1   | Reached skill level 1 in Fire Magic
 10762 | Lair:1   | Reached skill level 1 in Fighting
 10881 | Lair:2   | Identified a scroll of acquirement
 10927 | Lair:2   | Reached *** piety under Vehumet
 10937 | Lair:2   | Found a labyrinth entrance.
 10946 | Lab      | Entered a labyrinth
 11030 | Lab      | Noticed a minotaur
 11037 | Lab      | Killed a minotaur
 11037 | Lab      | Reached XP level 12. HP: 62/62 MP: 21/25
 11041 | Lab      | Got a pair of pitted boots
 11049 | Lab      | Identified the +0 pair of boots of Elyvilon's Benevolence {Dex+5} (You found it in a labyrinth)
 11167 | Lair:2   | Reached skill level 12 in Earth Magic
 11612 | Lair:2   | Offered knowledge of Iskenderun's Mystic Blast by Vehumet.
 11612 | Lair:2   | Reached skill level 1 in Shields
 12423 | Lair:3   | Noticed a death yak
 12423 | Lair:3   | Noticed a death yak
 12423 | Lair:3   | Noticed a death yak
 12423 | Lair:3   | Noticed a death yak
 12423 | Lair:3   | Noticed a death yak
 12433 | Lair:3   | Reached skill level 5 in Shields
 12437 | Lair:3   | Killed a death yak
 12444 | Lair:2   | Killed a death yak
 12479 | Lair:2   | Noticed an eight-headed hydra
 12485 | Lair:2   | Killed an eight-headed hydra
 12639 | Lair:3   | Noticed Gastronok
 12651 | Lair:3   | Killed Gastronok
 12656 | Lair:3   | Reached **** piety under Vehumet
 12666 | Lair:3   | Noticed an eight-headed hydra
 12921 | Lair:3   | Offered knowledge of Iskenderun's Battlesphere by Vehumet.
 12939 | Lair:3   | Learned a level 5 spell: Iskenderun's Battlesphere
 12972 | Lair:3   | Killed an eight-headed hydra
 12972 | Lair:3   | Reached XP level 13. HP: 68/68 MP: 26/26
 13564 | Lair:3   | Found a staircase to the Snake Pit.
 13998 | Lair:4   | Reached skill level 13 in Earth Magic
 14684 | Lair:4   | Found a staircase to the Shoals.
 15140 | Lair:5   | Reached ***** piety under Vehumet
 15145 | Lair:5   | Offered knowledge of Venom Bolt by Vehumet.
 15182 | Lair:5   | Reached skill level 10 in Conjurations
 15218 | Lair:5   | Found a dark tunnel.
 15236 | Volcano  | Entered a volcano
 15540 | Volcano  | Found a burning altar of Makhleb.
 15542 | Volcano  | Reached skill level 10 in Spellcasting
 15545 | Volcano  | Reached skill level 5 in Fighting
 15637 | Volcano  | Reached skill level 14 in Earth Magic
 16975 | Lair:5   | Gained mutation: Your large and strong wings let you fly indefinitely. [Gargoyle growth]
 16975 | Lair:5   | Reached XP level 14. HP: 79/79 MP: 25/28
 17099 | Lair:6   | Entered Level 6 of the Lair of Beasts
 17332 | Lair:6   | Found a staircase to the Slime Pits.
 17448 | Lair:6   | Learned a level 5 spell: Venom Bolt
 17641 | Lair:6   | Found a runed door.
 17657 | Lair:6   | Reached skill level 15 in Earth Magic
 20046 | Lair:6   | Reached skill level 16 in Earth Magic
 20910 | D:10     | Offered knowledge of Bolt of Magma by Vehumet.
 21337 | D:11     | Reached XP level 15. HP: 81/88 MP: 30/30
 22487 | D:12     | Found a staircase to the Orcish Mines.
 22594 | Orc:1    | Entered Level 1 of the Orcish Mines
 22616 | D:12     | Offered knowledge of Ozocubu's Refrigeration by Vehumet.
 22950 | D:12     | Found a glowing silver altar of Zin.
 23298 | Orc:1    | Found a roughly hewn altar of Beogh.
 23560 | Orc:2    | Entered Level 2 of the Orcish Mines
 23753 | Orc:2    | Found a staircase to the Elven Halls.
 23991 | Orc:2    | Found Poklig's Distillery.
 24000 | Orc:2    | Bought a potion of resistance for 170 gold pieces
 24000 | Orc:2    | Bought a potion of magic for 136 gold pieces
 24000 | Orc:2    | Bought a potion of heal wounds for 85 gold pieces
 24580 | Orc:2    | Reached ****** piety under Vehumet
 24639 | Orc:2    | Found Luilar's General Store.
 24639 | Orc:2    | Found Wutho's Distillery.
 24640 | Orc:2    | Found Wiqeusom's Distillery.
 24640 | Orc:2    | Found Sitoaca's General Store.
 24704 | Orc:2    | Bought a potion of magic for 96 gold pieces
 24704 | Orc:2    | Bought 2 potions of heal wounds for 120 gold pieces
 24712 | Orc:2    | Bought a scroll of identify for 26 gold pieces
 24712 | Orc:2    | Bought a scroll of blinking for 97 gold pieces
 24714 | Orc:2    | Bought a potion of heal wounds for 60 gold pieces
 24714 | Orc:2    | Bought a potion of magic for 96 gold pieces
 24905 | Orc:1    | Noticed Harold
 24908 | Orc:1    | Killed Harold
 25370 | Shoals:1 | Entered Level 1 of the Shoals
 25380 | Shoals:1 | Reached skill level 17 in Earth Magic
 25381 | Shoals:1 | Noticed Kirke
 25422 | Lair:4   | Offered knowledge of Iron Shot by Vehumet.
 25457 | Lair:4   | Learned a level 6 spell: Iron Shot
 25474 | Lair:4   | Killed Kirke
 27412 | Shoals:2 | Reached XP level 16. HP: 60/97 MP: 31/31
 27532 | Shoals:2 | Reached skill level 10 in Fighting
 27635 | Shoals:2 | Found a frozen archway.
 27650 | IceCv    | Entered an ice cave
 27972 | IceCv    | Offered knowledge of Bolt of Cold by Vehumet.
 28100 | IceCv    | Reached skill level 18 in Earth Magic
 28502 | IceCv    | Noticed an Ice Fiend
 28516 | IceCv    | Killed an Ice Fiend
 28597 | IceCv    | Got an ancient cloak
 28603 | IceCv    | Identified the cursed +0 cloak of the Land of Plenty {rC- Int+8 Dex+5} (You found it in an ice cave)
 29666 | Shoals:2 | Noticed a kraken
 29672 | Shoals:2 | Killed a kraken
 29998 | Shoals:1 | Found Elaimm's Antique Weapon Shoppe.
 30307 | Shoals:1 | Upgraded the game from 0.19-a0-1170-g18f0c96 to 0.19-a0-1185-gacb3972
 30386 | Shoals:3 | Noticed Ilsuiw
 30391 | Shoals:3 | Killed Ilsuiw
 30541 | Shoals:3 | Offered knowledge of Delayed Fireball by Vehumet.
 30552 | Shoals:3 | Learned a level 7 spell: Delayed Fireball
 30894 | Shoals:3 | Got a silken robe
 30907 | Shoals:3 | Identified the +1 robe of Wasted Space {Regen+ Int+3 Dex-2} (You found it on level 3 of the Shoals)
 30984 | Shoals:3 | Noticed Polyphemus
 30992 | Shoals:3 | Hit by a large rock thrown by Polyphemus

Vault maps used:
D:1:      mrwooster_arrival_statue_3
D:2:      kennysheep_goblin_castle, first_bread, uniq_robin
D:3:      amethyst_overflow_temple_binary, uniq_natasha
D:4:      nicolae_gozag_cash_rules_everything_around_me, serial_bayou_pond_c,
          minmay_misc_feat_square
D:5:      grunt_temple_overflow_bloody_war, serial_shops, kennysheep_little_box,
          minivault_19, grunt_pakellas_sulfur
D:6:      lightli_minifort, uniq_duvessa, uniq_prince_ribbit1
D:7:      serial_shops, shop, shop, nicolae_shop_stone, shop
D:8:      cheibrodos_ashenzari_chains, serial_shops, shop
D:9:      erik_lair_dragon, uniq_erica
D:10:     blue_anna_alchemist, uniq_fannar
D:12:     kennysheep_orc_monster_closet_entryway, basic_altar
Temple:   regret_index_temple_sphere_string
Lair:1:   beast_lair_carwin_large_3
Lair:2:   lab_entry_generic, guppyfry_lair_drakes
Lair:3:   guppyfry_snake_entry_garden, serial_bayou, serial_bayou_lake_a,
          serial_bayou_shore_b, serial_bayou_pond_a, serial_bayou_lagoon_a,
          uniq_urug, uniq_gastronok
Lair:4:   minmay_shoals_entry_hut, grunt_megastairs_5, lemuel_fruit_fields
Lair:5:   enter_volcano_2, grunt_megastairs_2
Lair:6:   wormcave, guppyfry_lair_end_dragon, minmay_slime_entry_oklob_open,
          minmay_stone_trees_medium, nicolae_quartered_pool_little
Shoals:1: serial_shops, nicolae_shop_overgrown_old_shop,
          nicolae_shoals_siren_and_animal_friends, uniq_kirke
Shoals:2: portal_ice_cave_entry_ice_statue_one
Shoals:3: nicolae_shoals_island_circles, uniq_ilsuiw, uniq_polyphemus
Orc:1:    mines2_david, uniq_harold
Orc:2:    st_orc_elflike, serial_shops, shop
Lab:      labyrinth_hidden_loot
IceCv:    ice_cave_caverns_03
Volcano:  volcano_lake

Skill      XL: |  1  2  3  4  5  6  7  8  9 10 11 12 13 14 15 16 |
---------------+-------------------------------------------------+-----
Earth Magic    | 4 5 6 7 8 9 10 11 12 14 16 17 18 | 18.7
Stealth        | 3 4 6 |  6.4
Spellcasting   | 3 4 5 6 7 8 9 10 11 13 | 13.0
Conjurations   | 1 2 3 4 5 7 8 9 10 11 12 13 | 13.4
Armour         | 4 7 9 |  9.8
Fire Magic     | 2 |  2.7
Fighting       | 1 2 5 8 9 11 | 11.0
Dodging        | 2 |  2.1
Shields        | 8 |  8.9
Transmutations | |  0.7

Action                   |  1- 3 |  4- 6 |  7- 9 | 10-12 | 13-15 | 16-18 || total
-------------------------+-------+-------+-------+-------+-------+-------++-------
Melee: Unarmed           |    14 |       |       |       |       |       ||    14
       Club              |    19 |    42 |       |       |       |       ||    61
       Staff             |       |       |    21 |    47 |     4 |     3 ||    75
       Whip              |       |       |     3 |       |       |       ||     3
 Cast: Sandblast         |    35 |   115 |   162 |   131 |    40 |       ||   483
       Stone Arrow       |       |       |     3 |   205 |   651 |    89 ||   948
       Lee's Rapid Decon |       |       |       |    12 |    30 |     5 ||    47
       Fireball          |       |       |       |    14 |    83 |    36 ||   133
       Petrify           |       |       |       |     3 |       |       ||     3
       Iskenderun's Batt |       |       |       |     1 |    49 |     5 ||    55
       Venom Bolt        |       |       |       |       |    26 |     6 ||    32
       Iron Shot         |       |       |       |       |    24 |    80 ||   104
       Delayed Fireball  |       |       |       |       |       |     2 ||     2
 Abil: Release Delayed F |       |       |       |       |       |     2 ||     2
       Fly               |       |       |       |       |       |     1 ||     1
Evoke: Wand              |       |       |       |       |     4 |       ||     4
       Staff of energy   |       |       |       |       |     1 |       ||     1
  Use: Scroll            |       |     3 |     8 |    10 |    10 |     3 ||    34
       Potion            |       |       |       |     1 |     5 |       ||     6
 Stab: Sleeping          |     1 |     1 |       |       |       |       ||     2
  Eat: Chunk             |     2 |     8 |     9 |    18 |    32 |     3 ||    72
       Royal jelly       |       |       |       |     2 |     1 |       ||     3
       Pizza             |       |       |       |       |     3 |       ||     3
       Beef jerky        |       |       |       |       |     6 |       ||     6
       Fruit             |       |       |       |       |    19 |    21 ||    40
Armor: Robe              |    22 |    32 |    12 |    16 |   115 |    28 ||   225
       Chain mail        |       |       |    48 |   125 |       |       ||   173
       Fire dragon armou |       |       |       |       |     6 |       ||     6
Dodge: Dodged            |    23 |    55 |    52 |    79 |   163 |    29 ||   401
Block: Buckler           |       |       |       |     4 |    91 |    13 ||   108
